 Dungeon Crawl Stone Soup version 0.29-a0-284-gf9362112df (webtiles) character file.

Game seed: 16118155993620935471

194 sammy202020 the Skirmisher (level 5, -6/43 HPs)
             Began as a Demonspawn Berserker on Mar 29, 2022.
             Was a Follower of Trog.
             Mangled by a raiju (7 damage)
             ... on level 1 of the Abyss.
             The game lasted 00:06:29 (3129 turns).

sammy202020 the Skirmisher (Demonspawn Berserker)   Turns: 3129, Time: 00:06:30

Health: -6/43      AC: 10    Str: 24    XL:     5   Next: 44%
Magic:  5/5        EV: 11    Int: 10    God:    Trog [*.....]
Gold:   129        SH:  0    Dex: 18    Spells: 4/4 levels left

rFire   . . .      SeeInvis .   a - +1 hand axe
rCold   . . .      Faith    .   (no shield)
rNeg    . . .      Spirit   .   b - +2 ring mail {rPois}
rPois   +          Reflect  .   (no helmet)
rElec   .          Harm     .   l - +0 cloak
rCorr   .          Rampage  .   (no gloves)
Will    ++...                   (no boots)
Stlth   +.........              (no amulet)
HPRegen 1.14/turn               c - +6 ring of dexterity
MPRegen 0.09/turn               k - +6 ring of strength

@: strong-willed (expiring), on berserk cooldown, regenerating (expiring),
slowed, very slow
A: slimy green scales 1, foul stench 1
a: Renounce Religion, Berserk


You were on level 1 of the Abyss.
You worshipped Trog.
Trog was aware of your devotion.
You visited 1 branch of the dungeon, and saw 3 of its levels.
You visited the Abyss 1 time.

You collected 129 gold pieces.

Inventory:

Hand Weapons
 a - a +1 hand axe (weapon)
 e - a +0 mace
 q - a +0 broad axe
Missiles
 f - 5 boomerangs (quivered)
 j - 6 atropa-tipped darts
 u - 8 poisoned darts
Armour
 b - a +2 ring mail of poison resistance (worn)
 l - a +0 cloak (worn)
 m - a +0 ring mail
Jewellery
 c - a +6 ring of dexterity (left hand)
 k - a +6 ring of strength (right hand)
 s - the ring of the Mage {Wiz Archmagi}
   (You found it on level 3 of the Dungeon)

   [ring of wizardry]

   It improves your spell success rate.
   Archmagi:  It increases the power of your magical spells.
Scrolls
 h - 2 scrolls of identify
 n - a scroll of enchant weapon
Potions
 d - 2 potions of mutation
 i - 2 potions of curing
 t - a potion of attraction


   Skills:
 * Level 4.5 Fighting
 * Level 4.1 Axes
 + Level 2.8 Armour
 - Level 1.7 Dodging


You had 4 spell levels left.
You didn't know any spells.
Your spell library was empty.

Dungeon Overview and Level Annotations

Branches:
Dungeon (3/15)

Altars:
Makhleb
Trog

Annotations:
D:3 Krypt's ghost, amateur FoFi


Innate Abilities, Weirdness & Mutations

You are partially covered in slimy green scales. (AC +2)
You may rarely emit foul miasma when damaged in melee.


Message History

You slash the raiju!
The raiju is moderately wounded.
The raiju bursts into living lightning!
The living lightning hits you!
The raiju blinks!
A red film seems to cover your vision as you go berserk!
You feel yourself moving faster!
You feel mighty!
You can no longer call upon Trog for regeneration and willpower.
The raiju bites you but does no damage.
You hit the raiju.
The raiju is moderately wounded.
You hit the raiju. You slash the raiju!
The raiju is heavily wounded.
You slash the raiju! The raiju bites you but does no damage.
The raiju barely misses you. The raiju bites you. The raiju shocks you!
* * * LOW HITPOINT WARNING * * *
You feel a strong urge to attack something.
You feel the effects of Trog's Hand fading.
The raiju bites you but does no damage.
You feel your anger nearly subside.
You are no longer berserk.
You are exhausted.
You feel yourself slow down.
The raiju bursts into living lightning!
The living lightning hits the raiju.
The raiju completely resists.
The living lightning hits you.
* * * LOW HITPOINT WARNING * * *
The raiju blinks!
You feel better. The raiju completely misses you.
The raiju bursts into living lightning!
The living lightning hits the raiju.
The raiju completely resists.
The living lightning hits you.
The raiju blinks!
The raiju barely misses you. The raiju bites you.
* * * LOW HITPOINT WARNING * * *
The raiju shocks you!
* * * LOW HITPOINT WARNING * * *
The raiju bites you.
* * * LOW HITPOINT WARNING * * *
The raiju shocks you!
You die...

# #. . .# .. . . ... #.
# . . # #.### . # .. #
## .. #...##..### . #
#.#. ####@h#..... .
#..#...##..hh..#..## #
..#....#....#......#.#§#
. . .##.''##.##......#.
# .
...##.....##.........#
## .. ....#.###.......##
##⌠.#..#⌠#.......## . #
# #.#..##......#
#..##.... ...#....#


You could see 3 raiju.

Vanquished Creatures
  A crimson imp (Abyss:1)
  2 hounds (D:3)
  Terence (D:3)
  An iguana (D:3)
  An adder (D:2)
  3 gnolls (D:3)
  2 dart slugs
  An orc (D:3)
  2 bats (D:1)
  3 endoplasms (D:2)
  A giant cockroach (D:2)
  6 goblins
  A hobgoblin (D:3)
  6 jackals (D:1)
  7 ball pythons
  3 frilled lizards
  5 kobolds
  6 rats
52 creatures vanquished.

Vanquished Creatures (others)
  A fungus (D:3)
  4 plants
5 creatures vanquished.

Grand Total: 57 creatures vanquished

Notes
Turn   | Place    | Note
-------+----------+-------------------------------------------
     0 | D:1      | sammy202020 the Demonspawn Berserker began the quest for
                  | the Orb.
     0 | D:1      | Reached XP level 1. HP: 18/18 MP: 1/1
   175 | D:1      | Gained mutation: You may rarely emit foul miasma when
                  | damaged in melee. [demonic ancestry]
   175 | D:1      | Reached XP level 2. HP: 24/24 MP: 2/2
   811 | D:1      | Found a faded altar of an unknown god.
  1211 | D:2      | Gained mutation: You are partially covered in slimy green
                  | scales. (AC +2) [demonic ancestry]
  1211 | D:2      | Reached XP level 3. HP: 18/29 MP: 3/3
  1865 | D:3      | Reached XP level 4. HP: 23/37 MP: 4/4
  2014 | D:3      | Found a runed translucent gate.
  2014 | D:3      | Found a runed translucent gate.
  2014 | D:3      | Noticed a kobold brigand
  2014 | D:3      | Noticed Krypt's ghost (amateur FoFi)
  2022 | D:3      | Found a bloodstained altar of Trog.
  2169 | D:3      | Found the ring of the Mage {Wiz Archmagi}
  2170 | D:3      | Noticed Terence
  2185 | D:3      | Killed Terence
  2186 | D:3      | Reached XP level 5. HP: 32/43 MP: 5/5
  2352 | D:3      | Found a burning altar of Makhleb.
  2353 | D:3      | Noticed a balrug
  2580 | D:3      | Reached ** piety under Trog
  2885 | D:3      | Found a runed translucent gate.
  3037 | D:3      | Cast into level 1 of the Abyss (kobold)
  3112 | Abyss:1  | Noticed a raiju
  3112 | Abyss:1  | Noticed a raiju
  3114 | Abyss:1  | Noticed a raiju
  3129 | Abyss:1  | HP: 1/43 [raiju (4)]
  3129 | Abyss:1  | Mangled by a raiju

Illustrated notes

Levels and vault maps discovered:
D:1:      nzn_arrival_settlement, layout_basic, serial_corexii_hall,
          chequers_hall_statues_corner_a, corexii_hall_statues_x,
          shapermc_ecumenical_altar_mp_urbaneastern
D:2:      layout_basic
D:3:      layout_basic, makhleb_altar_promises_db, trog_three_pillars_becter,
          gammafunk_ghost_nasty_kobolds, uniq_terence
Abyss:1:  base:
D:1

Skill      XL: |  1  2  3  4 |
---------------+-------------+-----
Axes           | 3 4 |  4.1
Armour         | 2 |  2.8
Fighting       | 4 |  4.5
Dodging        | |  1.7

Action                   |  1- 3 |  4- 6 || total
-------------------------+-------+-------++-------
Melee: Hand axe          |    84 |    83 ||   167
       Punch             |     1 |     2 ||     3
Invok: Berserk           |     1 |     2 ||     3
       Trog's Hand       |       |     1 ||     1
  Use: Scroll            |       |     9 ||     9
       Potion            |       |     1 ||     1
 Stab: Sleeping          |     1 |       ||     1
Armor: Animal skin       |    10 |       ||    10
       Ring mail         |    17 |    40 ||    57
Dodge: Dodged            |    75 |    51 ||   126

Table legend: (Time is in decaauts)
 A = Elapsed time spent in this place.
 B = Non-inter-level travel time spent in this place.
 C = Inter-level travel time spent in this place.
 D = Time resting spent in this place.
 E = Time spent auto-exploring this place.
 F = Levels seen in this place.
 G = Mean time per level.
                   A        B        C        D        E       F      G
               +--------+--------+--------+--------+--------+-----+--------+
         Total |   3161 |   3088 |     73 |      0 |   2440 |   4 |  790.2 |
       Dungeon |   3070 |   2997 |     73 |      0 |   2418 |   3 | 1023.3 |
         Abyss |     91 |     91 |      0 |      0 |     22 |   1 |   91.0 |
               +--------+--------+--------+--------+--------+-----+--------+

Top non-repeatable levels by time:
     D:3: 1206 daAuts
     D:1: 1012 daAuts
     D:2: 851 daAuts
 Abyss:1: 91 daAuts
